AoeStats
← Kalculus.Billi

Oasis

508064272Analyzed
4v4 RM · 11d ago on Sep 20, 2026· 46m 2s· 8 players
Game mode
Random Map
Map size
Large (8 player)
Population
200
Speed
Normal
Resources
Standard
Victory
Conquest
Starting age
Dark Age
Ending age
Imperial Age
RankedLock teamsTeams togetherTeam positionsShared explorationLock speedFull tech treeHidden civsTurbo modeCheats
Victory
Defeat
🇺🇸 Malians · United States
1226
+15
🇺🇸 Magyars · United States
1176
+17
🇫🇷 Italians · France
1173
+17
🇩🇪 Tupi · Germany
1125
+19
🇮🇳 Ethiopians · India
1283
-19
🇮🇳 Poles · India
1234
-19
🇮🇳 Magyars · India
1153
-15
🇮🇳 Huns · India
1152
-15
tretts
10:34 Feudal Age
10:51 Feudal Age
16:11 Castle Age
14:51 Double-Bit Axe
14:48 Horse Collar
16:52 Padded Archer Armor
16:42 Fletching
19:01 Bodkin Arrow
19:56 Leather Archer Armor
20:00 Elite Skirmisher
23:06 Gold Mining
26:00 Stone Mining
26:12 Heavy Plow
27:03 Thumb Ring
27:26 Bow Saw
30:41 Imperial Age
29:27 Silk Road
29:27 Loom
30:24 Ballistics
29:57 Crossbowman
32:29 Chemistry
32:44 Bracer
37:22 Pirotechnia
41:58 Onager
43:13 Conscription
42:59 Caravan
Sun Tzu
6:51 Loom
10:11 Feudal Age
12:32 Scale Barding Armor
15:24 Horse Collar
22:06 Double-Bit Axe
25:47 Castle Age
24:23 Bloodlines
26:02 Light Cavalry
26:44 Husbandry
27:07 Chain Barding Armor
29:15 Wheelbarrow
32:37 Stone Mining
32:39 Gold Mining
33:29 Hand Cart
33:28 Bow Saw
33:20 Heavy Plow
35:12 Town Watch
41:47 Imperial Age
41:41 Gold Shaft Mining
42:36 Cavalier
44:11 Plate Barding Armor
45:59 Paladin
Darth Joker2673
2:04 Loom
4:23 Loom
13:57 Feudal Age
15:04 Double-Bit Axe
15:10 Gold Mining
15:01 Horse Collar
21:48 Fletching
22:00 Scale Mail Armor
21:56 Champi Runner
25:24 Wheelbarrow
28:40 Castle Age
28:10 Padded Archer Armor
29:38 Bow Saw
29:31 Heavy Plow
30:06 Gold Shaft Mining
28:56 Crossbowman
29:34 Bodkin Arrow
30:39 Wheelbarrow
31:11 Ballistics
35:49 Imperial Age
33:34 Guard Tower
34:04 Stone Mining
34:59 Wheelbarrow
37:44 Two-Man Saw
37:01 Leather Archer Armor
36:47 Bracer
37:49 Chemistry
36:32 Treadmill Crane
38:29 Sanctity
39:32 Hand Cart
39:55 Murder Holes
41:28 Ring Archer Armor
41:58 Arbalester
43:50 Curare
44:28 Conscription
44:50 Sappers
46:45 Forging
46:34 Herbal Medicine
Alarich1000
1:50 Loom
11:05 Feudal Age
11:33 Double-Bit Axe
12:01 Horse Collar
14:54 Fletching
15:04 Padded Archer Armor
18:41 Wheelbarrow
25:53 Castle Age
24:33 Forging
24:28 Scale Barding Armor
24:31 Gold Mining
24:31 Stone Mining
26:00 Scale Barding Armor
26:30 Bloodlines
27:13 Hand Cart
29:55 Bow Saw
30:54 Husbandry
31:40 Gold Shaft Mining
31:40 Stone Shaft Mining
31:08 Heavy Plow
36:46 Imperial Age
34:58 Iron Casting
36:36 Chain Barding Armor
36:17 Bodkin Arrow
36:37 Leather Archer Armor
37:06 Cavalier
38:10 Conscription
38:06 Farimba
38:34 Town Watch
39:31 Ballistics
40:14 Chemistry
39:57 Leather Archer Armor
39:18 Light Cavalry
41:08 Plate Barding Armor
41:08 Ring Archer Armor
41:09 Murder Holes
41:25 Masonry
42:20 Town Patrol
42:24 Elite Skirmisher
44:09 Crossbowman
44:56 Thumb Ring
Lurker
6:33 Loom
9:35 Feudal Age
13:45 Fletching
22:09 Castle Age
21:44 Double-Bit Axe
21:42 Horse Collar
22:10 Crossbowman
22:58 Bodkin Arrow
24:11 Wheelbarrow
25:16 Bow Saw
29:13 Ballistics
30:05 Padded Archer Armor
30:43 Gold Mining
33:51 Imperial Age
32:01 Heavy Plow
34:12 Arbalester
34:57 Thumb Ring
34:58 Bracer
35:13 Leather Archer Armor
36:30 Gold Shaft Mining
35:34 Capped Ram
36:32 Stone Mining
37:29 Siege Ram
40:03 Chemistry
41:55 Hand Cart
43:29 Two-Man Saw
44:53 Leather Archer Armor
bamboe
10:44 Feudal Age
15:24 Castle Age
14:26 Double-Bit Axe
14:38 Stone Mining
23:09 Bow Saw
25:50 Husbandry
29:40 Imperial Age
28:01 Stone Shaft Mining
28:51 Gold Mining
30:28 Squires
31:14 Wheelbarrow
32:23 Arson
32:42 Scale Mail Armor
32:52 Forging
34:47 Chain Mail Armor
35:07 Iron Casting
36:31 Plate Mail Armor
36:37 Conscription
36:48 Pikeman
37:13 Cavalier
37:49 Elite Obuch
38:57 Scale Barding Armor
43:00 Blast Furnace
44:46 Chain Barding Armor
45:26 Horse Collar
olais
3:36 Loom
11:43 Feudal Age
12:18 Horse Collar
16:19 Scale Barding Armor
24:37 Castle Age
23:13 Bloodlines
26:15 Wheelbarrow
25:27 Double-Bit Axe
26:13 Husbandry
26:39 Chain Barding Armor
31:48 Heavy Plow
32:04 Bow Saw
33:01 Corvinian Army
33:22 Stone Mining
33:25 Gold Mining
43:12 Imperial Age
41:42 Hand Cart
41:12 Town Watch
43:13 Elite Magyar Huszar
44:16 Conscription
44:50 Gold Shaft Mining
45:18 Plate Barding Armor
44:34 Fletching
45:46 Crop Rotation
46:18 Two-Man Saw
Kalculus.Billi
0:26 Loom
10:08 Feudal Age
17:46 Double-Bit Axe
17:42 Horse Collar
27:41 Castle Age
28:45 Gold Mining
29:08 Bow Saw
29:01 Heavy Plow
31:26 Fletching
Connection lost

Rejoining the realm…

Still unreachable

The connection could not be restored.

Session expired

The server has moved on; the page needs a fresh start.